 Dungeon Crawl Stone Soup version 0.28-a0-230-g086cc6695f (webtiles) character file.

Game seed: 7578903119503838642

672 Gargoyl the Skirmisher (level 7, 0/60 HPs)
             Began as a Gnoll Abyssal Knight on Aug 22, 2021.
             Was a Priest of Lugonu.
             Slain by a killer bee (1 damage)
             ... on level 5 of the Dungeon.
             The game lasted 00:06:09 (4210 turns).

Gargoyl the Skirmisher (Gnoll Abyssal Knight)       Turns: 4210, Time: 00:06:10

Health: 0/60       AC:  9    Str: 14    XL:     7   Next: 58%
Magic:  7/11       EV: 11    Int: 11    God:    Lugonu [***...]
Gold:   144        SH:  4    Dex: 11    Spells: 11/11 levels left

rFire   . . .      SeeInvis +   b - +0 whip (venom)
rCold   . . .      Faith    .   c - +0 buckler
rNeg    . . .      Spirit   .   e - +0 ring mail
rPois   .          Reflect  .   j - +1 helmet
rElec   .          Harm     .   (no cloak)
rCorr   .          Rampage  .   l - +0 pair of gloves
Will    .....                   (no boots)
Stlth   +.........              (no amulet)
HPRegen 0.20/turn               k - ring of see invisible
MPRegen 0.12/turn               (no ring)

@: lethally poisoned (0 -> -4)
A: fangs 1, strong nose, distributed training
a: Renounce Religion, Depart the Abyss, Bend Space, Banish


You were on level 5 of the Dungeon.
You worshipped Lugonu.
Lugonu was most pleased with you.
You visited 1 branch of the dungeon, and saw 6 of its levels.
You visited the Abyss 1 time.

You collected 144 gold pieces.

Inventory:

Hand Weapons
 a - a +1 hand axe
 b - a +0 whip of venom (weapon)
 d - a +1 halberd of protection
Armour
 c - a +0 buckler (worn)
 e - a +0 ring mail (worn)
 j - a +1 helmet (worn)
 l - a +0 pair of gloves (worn)
Jewellery
 k - a ring of see invisible (left hand)
Wands
 f - a wand of mindburst (12)
Potions
 m - a potion of flight


   Skills:
 + Level 7.1 Fighting
 + Level 2.6 Short Blades
 + Level 2.6 Long Blades
 + Level 5.3 Axes
 + Level 2.6 Maces & Flails
 + Level 2.6 Polearms
 + Level 2.6 Staves
 + Level 2.6 Slings
 + Level 2.6 Bows
 + Level 2.6 Crossbows
 + Level 2.6 Throwing
 + Level 5.3 Armour
 + Level 3.7 Dodging
 + Level 2.6 Stealth
 + Level 2.6 Shields
 + Level 2.6 Unarmed Combat
 + Level 2.6 Spellcasting
 + Level 2.1 Conjurations
 + Level 2.1 Hexes
 + Level 2.1 Summonings
 + Level 2.1 Necromancy
 + Level 2.1 Translocations
 + Level 2.1 Transmutations
 + Level 2.1 Fire Magic
 + Level 2.1 Ice Magic
 + Level 2.1 Air Magic
 + Level 2.1 Earth Magic
 + Level 2.1 Poison Magic
 + Level 5.4 Invocations
 + Level 2.6 Evocations


You had 11 spell levels left.
You didn't know any spells.
Your spell library contained the following spells:

 Spells                   Type           Power      Damage    Failure   Level
 Ignite Poison            Fire/Tmut/Pois 6%         N/A       61%         3
 Mephitic Cloud           Conj/Pois/Air  6%         N/A       61%         3
 Bolt of Magma            Conj/Fire/Erth 3%         4d5       100%        5


Dungeon Overview and Level Annotations

Branches:
Dungeon (6/15)
 Temple: D:4-7

Altars:
Gozag


Innate Abilities, Weirdness & Mutations

You have very sharp teeth.
Your uncanny sense of smell can sniff out nearby items.
Your experience applies equally to all skills.


Message History

You feel sick.
You are no longer poisoned.
The killer bee stings you but does no damage.
The killer bee closely misses you.
Unknown command.
You miss the killer bee.
The killer bee is lightly wounded.
The killer bee stings you but does no damage.
The killer bee closely misses you.
Unknown command.
You miss the killer bee.
The killer bee is lightly wounded.
The killer bee barely misses you. The killer bee closely misses you.
You hit the killer bee.
The killer bee is poisoned.
Your bite misses the killer bee.
The killer bee is moderately wounded.
The killer bee stings you but does no damage. x2
Unknown command.
You closely miss the killer bee.
The killer bee is heavily wounded.
The killer bee stings you but does no damage.
The killer bee stings you.
* * * LOW HITPOINT WARNING * * *
You are poisoned.
The killer bee poisons you!
Okay, then.
Press: ? - help, Shift-Dir - straight line, f - killer bee
Aim: a killer bee (heavily wounded, very poisoned, chance to affect: 88%)
The killer bee is devoured by a tear in reality.
Lugonu claims a new guest.
You feel sick. The killer bee stings you.
* * * LOW HITPOINT WARNING * * *
Unknown command.
Okay, then.
Press: ? - help, Shift-Dir - straight line, f - killer bee
Aim: a killer bee (translocational energy, chance to affect: 88%)
You fail to use your ability.
* * * LOW HITPOINT WARNING * * *
You feel sick. You block the killer bee's attack. The killer bee stings you.
You die...

#.......# #.......#
...+ #.......+ ...#
#..[....####### ...#
#.......#.....# ...#
#.......#.....# ...#
∆ #.......#.....#
...#
#....>..#....y##...#
#.......'...yyy@...+
∆
#.......########...#
#......†.y..... ...#
#......y....... ...#
#.............. ####
#.............[
.#..............
♣P.≈≈...........
..P≈≈...........


You could see 4 killer bees.

Vanquished Creatures
  Grinder (D:5)
  A scorpion (D:5)
  A killer bee (D:5)
  An orc priest (D:4)
  An iguana (D:5)
  Jessica (D:3)
  A scorpion zombie (D:5)
  An orc wizard (D:4)
  2 adders
  8 gnolls
  3 worms
  4 dart slugs
  7 orcs
  5 endoplasms
  5 giant cockroaches
  7 hobgoblins (D:3)
  2 kobolds
  6 quokkas
  8 ball pythons
  6 bats
  2 frilled lizards
  5 goblins
  6 rats
84 creatures vanquished.

Vanquished Creatures (collateral kills)
  A ball python (D:2)
1 creature vanquished.

Grand Total: 85 creatures vanquished

Notes
Turn   | Place    | Note
-------+----------+-------------------------------------------
     0 | Abyss:1  | Gargoyl the Gnoll Abyssal Knight began the quest for the
                  | Orb.
     0 | Abyss:1  | Reached XP level 1. HP: 23/23 MP: 3/3
     3 | Abyss:1  | Found a corrupted altar of Lugonu.
    99 | Abyss:2  | Noticed an orange demon
   124 | Abyss:2  | Noticed a spatial vortex
   126 | Abyss:2  | Noticed a spatial vortex
   152 | Abyss:3  | Noticed a thrashing horror
   156 | D:1      | Escaped the Abyss
   294 | D:1      | Reached * piety under Lugonu
   332 | D:1      | Reached XP level 2. HP: 20/29 MP: 5/5
   772 | D:1      | Reached XP level 3. HP: 35/35 MP: 6/6
  1492 | D:2      | Reached skill level 1 in Short Blades
  1492 | D:2      | Reached skill level 1 in Long Blades
  1492 | D:2      | Reached skill level 1 in Maces & Flails
  1492 | D:2      | Reached skill level 1 in Polearms
  1492 | D:2      | Reached skill level 1 in Staves
  1492 | D:2      | Reached skill level 1 in Slings
  1492 | D:2      | Reached skill level 1 in Bows
  1492 | D:2      | Reached skill level 1 in Crossbows
  1492 | D:2      | Reached skill level 1 in Throwing
  1492 | D:2      | Reached skill level 1 in Stealth
  1492 | D:2      | Reached skill level 1 in Shields
  1492 | D:2      | Reached skill level 1 in Unarmed Combat
  1492 | D:2      | Reached skill level 1 in Spellcasting
  1492 | D:2      | Reached skill level 1 in Evocations
  1941 | D:2      | Reached XP level 4. HP: 41/41 MP: 7/7
  2003 | D:3      | Reached ** piety under Lugonu
  2007 | D:3      | Reached skill level 1 in Conjurations
  2007 | D:3      | Reached skill level 1 in Hexes
  2007 | D:3      | Reached skill level 1 in Summonings
  2007 | D:3      | Reached skill level 1 in Necromancy
  2007 | D:3      | Reached skill level 1 in Translocations
  2007 | D:3      | Reached skill level 1 in Transmutations
  2007 | D:3      | Reached skill level 1 in Fire Magic
  2007 | D:3      | Reached skill level 1 in Ice Magic
  2007 | D:3      | Reached skill level 1 in Air Magic
  2007 | D:3      | Reached skill level 1 in Earth Magic
  2007 | D:3      | Reached skill level 1 in Poison Magic
  2207 | D:3      | Noticed Jessica
  2222 | D:3      | Killed Jessica
  2223 | D:3      | Reached XP level 5. HP: 31/47 MP: 8/8
  3502 | D:4      | Reached skill level 5 in Invocations
  3505 | D:4      | Reached XP level 6. HP: 52/53 MP: 9/9
  3566 | D:4      | Found an opulent altar of Gozag.
  3589 | D:5      | Entered Level 5 of the Dungeon
  3613 | D:6      | Reached *** piety under Lugonu
  3965 | D:5      | Reached skill level 5 in Axes
  3965 | D:5      | Reached skill level 5 in Armour
  4136 | D:5      | Noticed Grinder
  4136 | D:5      | Paralysed by Grinder for 3 turns
  4148 | D:5      | Killed Grinder
  4149 | D:5      | Reached skill level 7 in Fighting
  4149 | D:5      | Reached XP level 7. HP: 58/60 MP: 9/11
  4209 | D:5      | HP: 2/60 [killer bee (6)]
  4210 | D:5      | Slain by a killer bee

Illustrated notes

Levels and vault maps discovered:
D:1:      psy_arrival_dodecagon, layout_basic, chequers_serial_rivers_small_a
D:2:      layout_basic
D:3:      layout_basic, serial_co_window_serial, co_window_paths_b,
          co_window_of_opportunity_a, co_window_paths_b, co_window_corner_a,
          co_window_corner_a, co_window_corner_b, co_window_of_opportunity_b,
          co_window_of_opportunity_b, co_window_broadway_a, glass_columns_c,
          glass_columns_b, glass_columns_c, gup_sewer_entry_pipe, st_stairs_2,
          uniq_jessica
D:4:      layout_basic, lemuel_tele_altar, minmay_misc_feat_diagonals
D:5:      layout_gridville, nicolae_elyvilon_peaceful_grove, tgw_kikubaaqudgha,
          tso_oasis_becter, minmay_temple_entry_proselytizer, uniq_grinder,
          uniq_edmund, uniq_sigmund
D:6:      layout_loops_cross, mainiacjoe_overflow_surrounded_room,
          hangedman_abyss_or_decor_stagger

Skill      XL: |  1  2  3  4  5  6 |
---------------+-------------------+-----
Short Blades   | 1 2 |  2.6
Long Blades    | 1 2 |  2.6
Maces & Flails | 1 2 |  2.6
Polearms       | 1 2 |  2.6
Staves         | 1 2 |  2.6
Slings         | 1 2 |  2.6
Bows           | 1 2 |  2.6
Crossbows      | 1 2 |  2.6
Throwing       | 1 2 |  2.6
Stealth        | 1 2 |  2.6
Shields        | 1 2 |  2.6
Unarmed Combat | 1 2 |  2.6
Spellcasting   | 1 2 |  2.6
Evocations     | 1 2 |  2.6
Conjurations   | 1 2 |  2.1
Hexes          | 1 2 |  2.1
Summonings     | 1 2 |  2.1
Necromancy     | 1 2 |  2.1
Translocations | 1 2 |  2.1
Transmutations | 1 2 |  2.1
Fire Magic     | 1 2 |  2.1
Ice Magic      | 1 2 |  2.1
Air Magic      | 1 2 |  2.1
Earth Magic    | 1 2 |  2.1
Poison Magic   | 1 2 |  2.1
Dodging        | 3 |  3.7
Invocations    | 5 |  5.4
Axes           | 5 |  5.3
Armour         | 5 |  5.3
Fighting       | 7 |  7.1

Action                   |  1- 3 |  4- 6 |  7- 9 || total
-------------------------+-------+-------+-------++-------
Melee: Hand axe          |    98 |   151 |       ||   249
       Bite              |     4 |    20 |       ||    24
       Whip              |       |    47 |    16 ||    63
Throw: Dart              |       |    16 |       ||    16
Invok: Depart the Abyss  |     1 |       |       ||     1
       Banish            |       |       |     1 ||     1
Evoke: Wand              |       |     4 |       ||     4
  Use: Potion            |     1 |     4 |       ||     5
       Scroll            |     3 |     3 |       ||     6
Armor: Ring mail         |    38 |    82 |    10 ||   130
       Skin              |     1 |       |       ||     1
Dodge: Dodged            |    66 |   101 |    28 ||   195
Block: Buckler           |    21 |    31 |     5 ||    57

Table legend: (Time is in decaauts)
 A = Elapsed time spent in this place.
 B = Non-inter-level travel time spent in this place.
 C = Inter-level travel time spent in this place.
 D = Time resting spent in this place.
 E = Time spent auto-exploring this place.
 F = Levels seen in this place.
 G = Mean time per level.
                   A        B        C        D        E       F      G
               +--------+--------+--------+--------+--------+-----+--------+
         Total |   4253 |   4190 |     63 |    666 |   2529 |   9 |  472.6 |
       Dungeon |   4097 |   4034 |     63 |    657 |   2443 |   6 |  682.8 |
         Abyss |    155 |    155 |      0 |      9 |     86 |   3 |   51.7 |
               +--------+--------+--------+--------+--------+-----+--------+

Top non-repeatable levels by time:
     D:3: 1492 daAuts
     D:1: 1069 daAuts
     D:2: 779 daAuts
     D:6: 330 daAuts
     D:5: 288 daAuts
     D:4: 137 daAuts
 Abyss:2: 88 daAuts
 Abyss:1: 38 daAuts
 Abyss:3: 28 daAuts
